 Dungeon Crawl Stone Soup version 0.31-a0-746-ge8284cb111 (webtiles) character file.

Game seed: 9559034069584759293

1752 CrazyBamboolord the Changeling (level 8, 0/135 HPs)
             Began as a Demonspawn Shapeshifter on Sept 14, 2023.
             Succumbed to a killer bee's poison
             ... on level 7 of the Dungeon.
             The game lasted 00:12:54 (5463 turns).

CrazyBamboolord the Changeling (DsSh)               Turns: 5463, Time: 00:12:55

Health: 0/135      AC: 24    Str: 17    XL:     8   Next: 78%
Magic:  3/17       EV:  2    Int: 12    God:
Gold:   148        SH:  0    Dex: 12    Spells: 7/7 levels left

rFire   . .          .
                       - Unarmed
rCold   . . .        (no shield)
rNeg    . . .        v - melded +0 chain mail
rPois   +            (helmet currently unavailable)
rElec   .            (cloak currently unavailable)
rCorr   .            m - melded +0 pair of gloves
SInv    +            x - melded +0 pair of boots
Will    .....        E - amulet of the acrobat Stlth
                     l - ring of see invisible
HPRegen 0.42/turn    s - ring of magical power
MPRegen 0.30/turn

%: acrobat, guardian spirit
@: berserking (expiring), lethally poisoned (0 -> -2), tree-form, acrobatic,
invisible, very quick
A: stationary, stasis, torment immunity, boosted hp, (antennae 1), (large bone
plates 2), powered by pain 2, magic shield, magic regeneration
a: no special abilities


You were on level 7 of the Dungeon.
You were a tree.
You visited 2 branches of the dungeon, and saw 8 of its levels.

You collected 148 gold pieces.

Inventory:

Armour
 m - a +0 pair of gloves (melded)
 v - a +0 chain mail (melded)
 x - a +0 pair of boots (melded)
Jewellery
 l - a ring of see invisible (left branch)
 s - a ring of magical power (right branch)
 E - an amulet of the acrobat (around neck)
Talismans
 c - a beast talisman
 d - a flux talisman
 q - a serpent talisman
Wands
 w - a wand of polymorph (11)
Scrolls
 f - a scroll of fear {unknown}
 h - a scroll of brand weapon {unknown}
 j - 2 scrolls of teleportation
 o - 3 scrolls of amnesia
 p - 2 scrolls of revelation {unknown}
 r - a scroll of vulnerability {unknown}
 t - a scroll of enchant armour {unknown}
 y - a scroll of fog {unknown}
 F - a scroll of immolation {unknown}
Potions
 e - 2 potions of resistance
 k - a potion of haste
 n - a potion of cancellation
 u - a potion of mutation {unknown}
 A - a potion of curing {unknown}
 B - a potion of might {unknown}
 D - a potion of heal wounds {unknown}


   Skills:
 * Level 4.1 Fighting
 * Level 4.2 Dodging
 * Level 4.6 Unarmed Combat
 * Level 7.8 Shapeshifting


You had 7 spell levels left.
You didn't know any spells.
Your spell library contained the following spells:

 Spells                   Type           Power      Damage    Failure   Level
 Slow                     Hex            0%         N/A       32%         1
 Confusing Touch          Hex            0%         N/A       69%         3
 Sigil of Binding         Hex            0%         N/A       69%         3
 Vampiric Draining        Necr           0%         2d6       69%         3
 Volatile Blastmotes      Fire/Tloc      0%         2d10      69%         3
 Fulminant Prism          Conj/Hex       0%         3d5       97%         4
 Iskenderun's Mystic Bla  Conj/Tloc      0%         2d3       97%         4


Dungeon Overview and Level Annotations

Branches:
Dungeon (7/15)             Temple (1/1) D:6

Altars:
Cheibriados
Dithmenos
Gozag
Kikubaaqudgha
Makhleb
Nemelex Xobeh
Okawaru
Qazlal
Trog
Uskayaw
Vehumet
Xom
Yredelemnul

Shops:
D:6 *


Innate Abilities, Weirdness & Mutations

You are a tree.
Your roots penetrate the ground, keeping you stationary.
You cannot be teleported.
You are immune to unholy pain and torment.
Your maximum health is greatly increased.
Your equipment is partially melded.
((You have a pair of small antennae on your head.))
((You are mostly covered in large bone plates. (SH +6)))
You sometimes gain power by taking damage.
When hurt, damage is shared between your health and your magic reserves.
You regenerate magic rapidly.


Message History

You pummel the killer bee!!
You kill the killer bee!
You feel sick. The killer bee stings you.
* * * LOW HITPOINT WARNING * * *
The killer bee completely misses you.
Your Fighting skill increases to level 4!
You are too berserk!
You closely miss the killer bee. Your punch misses the killer bee.
* * * LOW HITPOINT WARNING * * *
You feel sick.
The killer bee stings you but does no damage.
Unknown command.
You smack the killer bee!
The killer bee is severely wounded.
Your enlightenment fades.
The killer bee stings you but does no damage.
You hit the killer bee.
The killer bee is severely wounded.
* * * LOW HITPOINT WARNING * * *
You feel sick. The killer bee barely misses you.
You strike the helpless killer bee from behind!
You pummel the killer bee!!
You kill the killer bee!
* * * LOW HITPOINT WARNING * * *
You feel sick.
Unknown command.
You smack the jelly!
Your branches burn!
* * * LOW HITPOINT WARNING * * *
The jelly is almost dead.
The jelly hits you but does no damage.
Unknown command.
The killer bee buzzes angrily.
You smack the jelly!
You kill the jelly!
* * * LOW HITPOINT WARNING * * *
You feel sick.
You hear an angry buzzing noise.
Unknown command.
You are too berserk!
You die... ... .. .. .## yy.

#.# #.#
#.##♣######.#
#..).<......#
........#####..#
.###.#### #. #


You could see 2 killer bees.

Vanquished Creatures
  Pikel (D:4)
  A black bear (D:5)
  An ogre (D:4)
  2 kobold brigands (D:6)
  A gnoll sergeant (D:5)
  A scorpion (D:6)
  3 killer bees (D:7)
  A crimson imp (D:4)
  A gnoll bouda (D:5)
  4 orc priests (D:5)
  4 hounds (D:4)
  A jelly (D:7)
  Ijyb (D:4)
  3 orc wizards
  An iguana (D:5)
  10 gnolls
  8 adders
  2 white imps (D:6)
  An ufetubus (D:5)
  A worm (D:3)
  2 dart slugs
  23 orcs
  4 ball pythons
  8 endoplasms
  5 giant cockroaches
  9 goblins
  11 hobgoblins
  21 kobolds
  4 quokkas
  6 bats
  5 frilled lizards
  4 rats
150 creatures vanquished.

Notes
Turn   | Place    | Note
-------+----------+-------------------------------------------
     0 | D:1      | CrazyBamboolord the Demonspawn Shapeshifter began the quest
                  | for the Orb.
     0 | D:1      | Reached XP level 1. HP: 15/15 MP: 1/1
    66 | D:1      | Reached skill level 3 in Shapeshifting
   106 | D:1      | Gained mutation: You regenerate magic rapidly. [demonic
                  | ancestry]
   106 | D:1      | Reached XP level 2. HP: 12/21 MP: 2/2
   853 | D:2      | Gained mutation: You have a pair of small antennae on your
                  | head. [demonic ancestry]
   853 | D:2      | Reached XP level 3. HP: 26/26 MP: 3/3
  1329 | D:2      | Reached skill level 4 in Shapeshifting
  1557 | D:2      | Gained mutation: You are partially covered in large bone
                  | plates. (SH +4) [demonic ancestry]
  1557 | D:2      | Reached XP level 4. HP: 31/31 MP: 4/4
  2537 | D:4      | Noticed Ijyb
  2562 | D:4      | Killed Ijyb
  2563 | D:4      | Reached skill level 5 in Shapeshifting
  2563 | D:4      | Gained mutation: When hurt, damage is shared between your
                  | health and your magic reserves. [demonic ancestry]
  2563 | D:4      | Reached XP level 5. HP: 30/37 MP: 3/5
  2622 | D:4      | Found a radiant altar of Vehumet.
  2622 | D:4      | Found a burning altar of Makhleb.
  2768 | D:4      | Noticed a lemure
  2769 | D:4      | Noticed Pikel
  2769 | D:4      | Noticed a lemure
  2770 | D:4      | Noticed a lemure
  2780 | D:4      | Noticed a lemure
  2792 | D:4      | Killed Pikel
  2793 | D:4      | Reached skill level 7 in Shapeshifting
  2793 | D:4      | Gained mutation: You sometimes gain a little power by
                  | taking damage. [demonic ancestry]
  2793 | D:4      | Reached XP level 6. HP: 6/43 MP: 3/6
  2793 | D:4      | Gained mutation: You are mostly covered in large bone
                  | plates. (SH +6) [demonic ancestry]
  2793 | D:4      | Reached XP level 7. HP: 6/48 MP: 3/7
  3437 | D:5      | Entered Level 5 of the Dungeon
  3878 | D:5      | Gained mutation: You sometimes gain power by taking damage.
                  | [demonic ancestry]
  3878 | D:5      | Reached XP level 8. HP: 50/57 MP: 8/8
  3926 | D:5      | Found a bloodstained altar of Trog.
  3926 | D:5      | Found a shimmering altar of Xom.
  4186 | D:5      | Found an opulent altar of Gozag.
  4754 | D:6      | Found a basalt altar of Yredelemnul.
  5030 | D:6      | Found a staircase to the Ecumenical Temple.
  5169 | Temple   | Entered the Ecumenical Temple
  5319 | D:6      | Found Omugg's CLEARANCE SALE!.
  5456 | D:7      | HP: 4/135 [killer bee (3)]
  5461 | D:7      | HP: 1/135 [acid (1)]
  5463 | D:7      | Succumbed to a killer bee's poison

Illustrated notes

Levels and vault maps discovered:
D:1:      ebering_trefoil_3fold, layout_basic, supply_closet_lemuel
D:2:      cheibrodos_old_hovel, layout_loops_ring, reono_crystal_passage,
          lexackson_kobold_supper
D:3:      layout_rooms, mainiacjoe_overflow_alcove_2
D:4:      layout_loops_ring, grunt_temple_overflow_lords_of_destruction,
          corexii_item_surrounded_by_moat, minmay_surrounded, uniq_ijyb,
          uniq_pikel
D:5:      layout_rooms, grunt_gozag_breadcrumbs,
          chequers_temple_overflow_statue_of_worship
D:6:      cheibrodos_thug_alley, layout_rooms, yredelemnul_altar_generic,
          minmay_temple_entry_fiery, nicolae_shop_clearance
D:7:      layout_loops_ring, nicolae_ashenzari_panopticon,
          mainiacjoe_overflow_alcove_4, nicolae_overflow_squiral,
          kennysheep_doodads
Temple:   hellmonk_temple_two_chambers

Skill      XL: |  1  2  3  4  5  6  7  8 |
---------------+-------------------------+-----
Shapeshifting  | 3 4 5 7 |  7.8
Dodging        | 2 4 |  4.2
Unarmed Combat | 3 4 |  4.6
Fighting       | 2 4 |  4.1

Action                     |  1- 3 |  4- 6 |  7- 9 || total
---------------------------+-------+-------+-------++-------
  Melee: Unarmed           |   131 |   170 |   323 ||   624
         Punch             |     3 |     3 |       ||     6
  Evoke: Wand              |       |       |     1 ||     1
    Use: Scroll            |       |     2 |     3 ||     5
         Potion            |       |     1 |     7 ||     8
   Stab: Sleeping          |     2 |       |       ||     2
         Invisible         |       |       |     3 ||     3
 Armour: Animal skin       |    50 |       |       ||    50
         Plate armour      |    19 |    65 |       ||    84
         Skin              |       |    15 |    35 ||    50
         Chain mail        |       |    35 |   250 ||   285
  Dodge: Dodged            |    52 |    42 |   131 ||   225
  Block: Other             |       |    19 |   125 ||   144
   Form: Flux              |       |       |     1 ||     1

Table legend: (Time is in decaauts)
 A = Elapsed time spent in this place.
 B = Non-inter-level travel time spent in this place.
 C = Inter-level travel time spent in this place.
 D = Time resting spent in this place.
 E = Time spent auto-exploring this place.
 F = Levels seen in this place.
 G = Mean time per level.
                   A        B        C        D        E       F      G
               +--------+--------+--------+--------+--------+-----+--------+
         Total |   5420 |   5206 |    214 |    530 |   3479 |   8 |  677.5 |
       Dungeon |   5403 |   5189 |    214 |    530 |   3479 |   7 |  771.9 |
        Temple |     17 |     17 |      0 |      0 |      0 |   1 |   17.0 |
               +--------+--------+--------+--------+--------+-----+--------+

Top non-repeatable levels by time:
     D:4: 1526 daAuts
     D:2: 950 daAuts
     D:5: 827 daAuts
     D:1: 788 daAuts
     D:6: 771 daAuts
     D:3: 514 daAuts
     D:7: 22 daAuts
  Temple: 17 daAuts
